 Dungeon Crawl Stone Soup version 0.14-a0-226-gcf818b1 (webtiles) character file.

190 Antur the Covered (level 4, -4/35 HPs)
             Began as a Djinni Fighter on Oct 11, 2013.
             Slain by Grinder (7 damage)
             ... on Level 3 of the Dungeon.
             The game lasted 00:06:34 (1625 turns).

Antur the Covered (Djinni Fighter)                  Turns: 1625, Time: 00:06:35

HP  -4/35        AC  7     Str 18      XL: 4   Next: 57%
MP   0/0         EV  6     Int  8      God:
Gold 83          SH 18     Dex 12      Spells:  0 memorised,  3 levels left

Res.Fire  : + + +   See Invis. : .   a - +0 falchion
Res.Cold  : x . .   Warding    : .   b - +0 scale mail
Life Prot.: + + +   Conserve   : .   c - +0 shield
Res.Poison: .       Res.Corr.  : .   (no helmet)
Res.Elec. : .       Clarity    : .   (no cloak)
Sust.Abil.: . .     Spirit.Shd : .   (no gloves)
Res.Mut.  : .       Stasis     : .   (boots unavailable)
Res.Rott. : .       Flight     : .   (no amulet)
Saprovore : . . .                    (no ring)
                                     (no ring)

@: slightly resistant to hostile enchantments, extremely unstealthy
A: fire immunity, cold vulnerability, life protection 3
a: no special abilities


You were on level 3 of the Dungeon.
You were not hungry.

You visited 1 branch of the dungeon, and saw 3 of its levels.

You collected 63 gold pieces.

Inventory:

Hand weapons
 a - a +0,+0 falchion (weapon)
Missiles
 f - a poisoned dart (quivered)
Armour
 b - a +0 scale mail (worn)
 c - a +0 shield (worn)
Scrolls
 d - 2 scrolls of random uselessness
 e - 2 scrolls of remove curse {unknown}
 g - a scroll of enchant weapon II {unknown}
 l - 2 scrolls of curse armour {unknown}
 m - 3 scrolls of fog {unknown}
 o - a scroll of amnesia {unknown}
Potions
 h - a potion of poison {unknown}
 i - 3 potions of might {unknown}
 j - a potion of mutation {unknown}
 k - 4 potions of curing
 n - a potion of agility {unknown}
 p - a potion of slowing {unknown}


   Skills:
 + Level 3.1 Fighting
 * Level 3.2 Long Blades
 + Level 3.9 Armour
 + Level 1.1 Dodging
 + Level 3.5 Shields


You had 3 spell levels left.
You didn't know any spells.

Dungeon Overview and Level Annotations

Branches:
Dungeon (3/27)

Altars:
Fedhas
Makhleb

Annotations:
D:3 Grinder


Innate Abilities, Weirdness & Mutations

You are immune to all types of fire, even holy and hellish.
You are vulnerable to cold.
You need no food.
You have no legs.
You are immune to negative energy.


Message History

You hit it but do no damage. Pain shoots through your body!
You closely miss it. It hits you but does no damage.
You miss it. You block its attack.
You miss it. It hits you. You block its attack.
You closely miss it. It hits you but does no damage.
You closely miss it. Pain shoots through your body!
You completely miss it. It hits you.
You closely miss it. It hits you.
* * * LOW HITPOINT WARNING * * *
You hit it. It hits you but does no damage. It hits you.
* * * LOW HITPOINT WARNING * * *
You closely miss it. You block its attack.
You barely miss it. You block its attack.
You completely miss it.
Something tries to affect you, but you resist.
You miss it. It completely misses you.
You miss it. It hits you!
* * * LOW HITPOINT WARNING * * *
You hit it but do no damage. It hits you!
You die...

##...## ##.....##
##.......## .#
#.........####...###
+.........'......r..
#.........####...##.
##.......## .#
##.....## ##.@(##
##'## #.# #.#
##.########
##..........
#.....#.###.
#.......#
#.######.#%#####


There were no monsters in sight!

Vanquished Creatures
  4 adders
  A giant mite (D:2)
  2 worms
  4 giant geckos
  A ball python (D:2)
  7 bats
  2 giant cockroaches
  4 goblins
  6 hobgoblins
  3 giant newts
  3 jackals (D:1)
  4 kobolds
  6 rats
47 creatures vanquished.

Notes
Turn   | Place    | Note
--------------------------------------------------------------
     0 | D:1      | Antur, the Djinni Fighter, began the quest for the Orb.
     0 | D:1      | Reached XP level 1. HP: 16/16 MP: 0/0
   176 | D:1      | Reached XP level 2. EP: 11/22
   855 | D:2      | Reached XP level 3. EP: 27/29
   898 | D:2      | Reached skill level 1 in Dodging
   980 | D:2      | Paralysed by a potion of paralysis for 5 turns
  1150 | D:2      | Reached XP level 4. EP: 27/35
  1214 | D:2      | Found a burning altar of Makhleb.
  1229 | D:2      | Found a blossoming altar of Fedhas.
  1565 | D:3      | Noticed Grinder
  1625 | D:3      | Slain by Grinder

Action                   |  1- 3 |  4- 6 || total
-------------------------+-------+-------++-------
Melee: Falchion          |   129 |    97 ||   226
  Use: Scroll            |     1 |       ||     1
       Potion            |     3 |       ||     3
